 Dungeon Crawl Stone Soup version 0.27-a0-1101-ge311f74bc8 (webtiles) character file.

Game seed: 7610013940613607457

978 karrick the Magician (level 8, -4/51 HPs)
             Began as a Djinni Fire Elementalist on Apr 29, 2021.
             Slain by a bullfrog (6 damage)
             ... on level 6 of the Dungeon.
             The game lasted 00:07:12 (5370 turns).

karrick the Magician (Djinni Fire Elementalist)     Turns: 5370, Time: 00:07:13

Health: -4/51      AC:  2    Str:  9    XL:     8   Next: 17%
Gold:   320        EV: 12    Int: 17    God:
                   SH:  0    Dex: 14

rFire    + + .     SeeInvis .   d - +0 dagger
rCold    x . .     Faith    .   (no shield)
rNeg     . . .     Spirit   .   a - +0 robe
rPois    ∞         Reflect  .   (no helmet)
rElec    .         Harm     .   (no cloak)
rCorr    .         Rampage  .   (no gloves)
Will     .....                  (boots unavailable)
Stlth    ++........             (no amulet)
HPRegen  0.17/turn              (no ring)
MPRegen  0.00/turn              (no ring)

@: flying
A: fire resistance 2, cold vulnerability 1, float, innate caster, hp casting,
extra vitality 1
a: no special abilities


You were on level 6 of the Dungeon.
You visited 1 branch of the dungeon, and saw 6 of its levels.

You collected 444 gold pieces.
You spent 124 gold pieces at shops.

Inventory:

Hand Weapons
 d - a +0 dagger (weapon)
Armour
 a - a +0 robe (worn)
Wands
 h - a wand of flame (19)
 l - a wand of polymorph (6)
Scrolls
 b - 4 scrolls of enchant armour {unknown}
 c - 3 scrolls of fog {unknown}
 e - 3 scrolls of teleportation {unknown}
 f - 3 scrolls of immolation {unknown}
 g - 4 scrolls of identify {unknown}
 i - 3 scrolls of amnesia {unknown}
 n - a scroll of fear {unknown}
 p - a scroll of vulnerability {unknown}
Potions
 j - 3 potions of curing {unknown}
 k - a potion of heal wounds {unknown}
 m - a potion of flight {unknown}
 o - 2 potions of lignification {unknown}
 q - a potion of mutation {unknown}


   Skills:
 + Level 0.6 Fighting
 + Level 2.8 Dodging
 + Level 3.2 Stealth
 + Level 7.5 Spellcasting


You had one spell level left.
You knew the following spells:

 Your Spells              Type           Power      Damage    Failure   Level
a - Foxfire               Conj/Fire      100%       2x1d9     1%          1
b - Conjure Flame         Conj/Fire      32%        6-21      1%          3
c - Inner Flame           Hex/Fire       32%        N/A       1%          3
d - Sticky Flame          Conj/Fire      32%        2d5       4%          4
e - Fireball              Conj/Fire      16%        3d8       14%         5
f - Animate Skeleton      Necr           64%        N/A       1%          1
g - Searing Ray           Conj           64%        3d5       1%          2
h - Call Imp              Summ           32%        N/A       1%          2
Your spell library was empty.

Dungeon Overview and Level Annotations

Branches:
Dungeon (6/15)
 Temple: D:4-7

Altars:
Gozag
Zin

Shops:
D:2 *


Innate Abilities, Weirdness & Mutations

You are immune to poison.
Your flesh is very heat resistant. (rF++)
You are vulnerable to cold. (rC-)
You float through the air rather than walking.
You learn spells naturally, not from books.
Your magical power is your life essence.
You have superior vitality. (+4 HP)


Message History

The orc warrior is moderately wounded.
Your crimson imp hits the orc warrior.
The orc warrior hits you with a +0 long sword!!
Casting: Foxfire (safe; 1% risk of failure)
Confirm with . or Enter, or press ? or * to list all spells.
You conjure some foxfire!
The foxfire hits the orc warrior.
The orc warrior is moderately wounded.
The foxfire hits the orc warrior but does no damage.
The orc warrior is moderately wounded.
Your crimson imp barely misses the orc warrior.
Your crimson imp hits the orc warrior.
The orc warrior hits you with a +0 long sword!
* * * LOW HITPOINT WARNING * * *
Your foxfire dissipates!
The foxfire hits the orc warrior but does no damage.
The orc warrior is heavily wounded.
Your crimson imp hits the orc warrior but does no damage.
Your crimson imp blinks!
Your crimson imp blinks!
Your crimson imp blinks!
Your crimson imp blinks!
The orc warrior hits you with a +0 long sword.
* * * LOW HITPOINT WARNING * * *
There is a fountain of clear blue water here.
Your crimson imp blinks!
A bullfrog comes into view.
The bullfrog croaks.
You hear an angry growl.
Found a stone staircase leading down.
The bullfrog closely misses you.
A black bear comes into view.
The bullfrog hits you.
* * * LOW HITPOINT WARNING * * *
The bullfrog hits you.
* * * LOW HITPOINT WARNING * * *
The bullfrog closely misses you. The bullfrog hits you.
* * * LOW HITPOINT WARNING * * *
There is a stone staircase leading down here.
The bullfrog barely misses you. The bullfrog hits you.
You die...

#### ... #..
.... ####.#
....##...@##
....⌠....Fo#
...........#
...........##
.....h......##
.............##
.^.......:....#
..............#
..####........#


You could see an orc warrior, a black bear and a bullfrog.

Vanquished Creatures
  Sigmund (D:3)
  2 black bears
  2 scorpions
  A water moccasin skeleton (D:5)
  A howler monkey (D:5)
  A bullfrog skeleton (D:4)
  A gnoll shaman (D:4)
  An orc priest (D:6)
  A centaur skeleton (D:5)
  2 iguanas (D:5)
  2 orc wizards (D:5)
  A hound skeleton (D:4)
  A howler monkey skeleton (D:4)
  4 gnolls (D:4)
  5 adders
  A worm (D:3)
  A dart slug (D:3)
  13 orcs
  8 ball pythons
  8 bats
  3 endoplasms
  3 giant cockroaches
  7 hobgoblins
  A jackal (D:3)
  4 kobolds
  4 quokkas
  2 frilled lizards (D:1)
  3 goblins
  9 rats
93 creatures vanquished.

Vanquished Creatures (collateral kills)
  A bullfrog zombie (D:5)
  An ufetubus (D:5)
2 creatures vanquished.

Vanquished Creatures (others)
  367 foxfires
  4 plants (D:3)
371 creatures vanquished.

Grand Total: 466 creatures vanquished

Notes
Turn   | Place    | Note
-------+----------+-------------------------------------------
     0 | D:1      | karrick the Djinni Fire Elementalist began the quest for
                  | the Orb.
     0 | D:1      | Reached XP level 1. HP: 15/15 MP: 0/0
   208 | D:1      | Reached skill level 3 in Spellcasting
   300 | D:1      | Reached XP level 2. HP: 21/21 MP: 0/0
  1152 | D:1      | Reached XP level 3. HP: 23/25 MP: 0/0
  1152 | D:1      | Learned a level 1 spell: Animate Skeleton
  2175 | D:2      | Found Qauffath's Assorted Antiques.
  2184 | D:2      | Bought a scroll labelled PUDIFI UVVUKHU for 31 gold pieces
  2184 | D:2      | Bought a scroll labelled LOQIRHO JAEFETELOW for 31 gold
                  | pieces
  2184 | D:2      | Bought a scroll labelled ZUERROOWI for 31 gold pieces
  2184 | D:2      | Bought a scroll labelled PUDIFI UVVUKHU for 31 gold pieces
  2334 | D:3      | Noticed a black bear
  2340 | D:3      | Killed a black bear
  2341 | D:3      | Reached skill level 4 in Spellcasting
  2341 | D:3      | Reached XP level 4. HP: 25/31 MP: 0/0
  2341 | D:3      | Reached XP level 5. HP: 28/35 MP: 0/0
  2341 | D:3      | Learned a level 2 spell: Searing Ray
  2881 | D:3      | Found a faded altar of an unknown god.
  2928 | D:3      | Noticed Sigmund
  2937 | D:3      | Killed Sigmund
  2938 | D:3      | Reached skill level 5 in Spellcasting
  2938 | D:3      | Reached XP level 6. HP: 31/40 MP: 0/0
  3148 | D:3      | Found an opulent altar of Gozag.
  3148 | D:3      | Found a glowing silver altar of Zin.
  3342 | D:4      | Noticed a black bear
  3349 | D:4      | Killed a black bear
  3350 | D:4      | Reached XP level 7. HP: 18/45 MP: 0/0
  3350 | D:4      | Learned a level 2 spell: Call Imp
  3847 | D:4      | Reached skill level 6 in Spellcasting
  4419 | D:5      | Entered Level 5 of the Dungeon
  4624 | D:5      | Reached skill level 7 in Spellcasting
  4838 | D:5      | Reached XP level 8. HP: 37/51 MP: 0/0
  5365 | D:6      | HP: 2/51 [bullfrog (4)]
  5370 | D:6      | Slain by a bullfrog

Illustrated notes

Levels and vault maps discovered:
D:1:      dpeg_arrival_lava_temple_mockup, layout_loops_ring
D:2:      layout_loops_corners, serial_shops, nicolae_shop_trees
D:3:      layout_basic, grunt_temple_overflow_gold_and_silver,
          shapermc_ecumenical_altar_flowoftime, minmay_cupped, uniq_sigmund
D:4:      layout_basic, grunt_ministairs_1
D:5:      layout_cave_pools
D:6:      layout_loops_cross, minmay_temple_entry_slanted,
          kennysheep_decorative_pillar, minmay_manual_mandibuliform

Skill      XL: |  1  2  3  4  5  6  7 |
---------------+----------------------+-----
Spellcasting   | 3 4 5 7 |  7.5
Stealth        | 2 3 |  3.2
Fighting       | |  0.6
Dodging        | |  2.8

Action                   |  1- 3 |  4- 6 |  7- 9 || total
-------------------------+-------+-------+-------++-------
Melee: Dagger            |       |    14 |     5 ||    19
 Cast: Foxfire           |    66 |    55 |   102 ||   223
       Animate Skeleton  |     2 |       |       ||     2
       Call Imp          |       |       |    12 ||    12
Armor: Robe              |     2 |     3 |     3 ||     8
Dodge: Dodged            |    17 |     5 |    13 ||    35

Table legend: (Time is in decaauts)
 A = Elapsed time spent in this place.
 B = Non-inter-level travel time spent in this place.
 C = Inter-level travel time spent in this place.
 D = Time resting spent in this place.
 E = Time spent auto-exploring this place.
 F = Levels seen in this place.
 G = Mean time per level.
                   A        B        C        D        E       F      G
               +--------+--------+--------+--------+--------+-----+--------+
         Total |   5368 |   5268 |    100 |      0 |   4644 |   6 |  894.7 |
       Dungeon |   5368 |   5268 |    100 |      0 |   4644 |   6 |  894.7 |
               +--------+--------+--------+--------+--------+-----+--------+

Top non-repeatable levels by time:
     D:1: 1251 daAuts
     D:4: 1116 daAuts
     D:3: 1075 daAuts
     D:2: 973 daAuts
     D:5: 899 daAuts
     D:6: 50 daAuts
